 Dungeon Crawl Stone Soup version 0.28.0 (webtiles) character file.

Game seed: 12198487504229416361

2868 growler the Zephyrmancer (level 9, -13/51 HPs)
             Began as a Tengu Air Elementalist on Feb 8, 2022.
             Was a Follower of Vehumet.
             Mangled by Grum (20 damage)
             ... on level 8 of the Dungeon.
             The game lasted 00:15:37 (9119 turns).

growler the Zephyrmancer (Tengu Air Elementalist)   Turns: 9119, Time: 00:15:38

Health: -13/51     AC:  3    Str:  9    XL:     9   Next: 76%
Magic:  20/26      EV: 15    Int: 20    God:    Vehumet [*.....]
Gold:   469        SH:  5    Dex: 14    Spells: 8/18 levels left

rFire   . . .      SeeInvis .   (no weapon)
rCold   . . .      Faith    .   j - +0 buckler
rNeg    . . .      Spirit   .   a - +0 robe
rPois   .          Reflect  .   (helmet restricted)
rElec   .          Harm     .   B - +0 cloak
rCorr   .          Rampage  .   (no gloves)
Will    .....                   (boots unavailable)
Stlth   ++........              e - amulet of regeneration
HPRegen 0.97/turn               g - ring of wizardry
MPRegen 0.20/turn               v - ring of magical power

@: flying quickly and evasively, quick
A: beak, talons 3, nimble flight
a: Renounce Religion


You were on level 8 of the Dungeon.
You worshipped Vehumet.
Vehumet was aware of your devotion.
You visited 1 branch of the dungeon, and saw 8 of its levels.

You collected 469 gold pieces.

Inventory:

Armour
 a - a +0 robe (worn)
 j - a +0 buckler (worn)
   (You found it on level 3 of the Dungeon)
 B - a +0 cloak (worn)
   (You took it off Crazy Yiuf on level 7 of the Dungeon)
Jewellery
 e - an amulet of regeneration (around neck)
   (You found it on level 1 of the Dungeon)
 g - a ring of wizardry (left hand)
   (You found it on level 1 of the Dungeon)
 o - a ring of protection from cold
   (You found it on level 5 of the Dungeon)
 s - a ring of fire
   (You found it on level 6 of the Dungeon)
 v - a ring of magical power (right hand)
   (You found it on level 6 of the Dungeon)
Wands
 u - a wand of paralysis (12)
   (You took it off Ijyb on level 5 of the Dungeon)
 x - a wand of acid (6)
   (You found it on level 4 of the Dungeon)
 C - a wand of polymorph (7)
   (You took it off Crazy Yiuf on level 7 of the Dungeon)
Scrolls
 b - a scroll of amnesia {unknown}
 c - a scroll of fear
 d - 3 scrolls of teleportation {@r4}
 f - a scroll of brand weapon {unknown}
 h - a scroll of vulnerability {!r}
 i - 2 scrolls of blinking {unknown}
 n - a scroll of identify {@r1}
 q - 2 scrolls of noise {unknown}
 r - 5 scrolls of summoning {unknown}
 w - a scroll of torment {unknown}
 y - 2 scrolls of enchant weapon {unknown}
 A - a scroll of holy word {unknown}
Potions
 k - a potion of mutation {!q}
 l - a potion of ambrosia
 m - 4 potions of heal wounds {unknown}
 p - 3 potions of degeneration {unknown}
 t - 3 potions of might {unknown}
 z - a potion of lignification {unknown}


   Skills:
 + Level 3.3 Fighting
 + Level 4.4 Dodging
 - Level 2.0 Stealth
 + Level 3.3 Shields
 - Level 5.0 Spellcasting
 - Level 9.0 Conjurations
 + Level 11.0 Air Magic


You had 8 spell levels left.
You knew the following spells:

 Your Spells              Type           Power      Damage    Failure   Level
a - Shock                 Conj/Air       100%       1d9       1%          1
b - Airstrike             Air            24%        N/A       1%          4
d - Static Discharge      Conj/Air       45%        N/A       1%          2
s - Swiftness             Air            49%        N/A       1%          3

Your spell library contained the following spells:

 Spells                   Type           Power      Damage    Failure   Level
 Sandblast                Erth           10%        2d5       6%          1
 Freeze                   Ice            20%        1d4       6%          1
 Slow                     Hex            20%        N/A       6%          1
 Ensorcelled Hibernation  Hex/Ice        10%        N/A       9%          2
 Passwall                 Tmut/Erth      4%         N/A       9%          2
 Hailstorm                Conj/Ice       23%        3d7       10%         4
 Confusing Touch          Hex            5%         N/A       17%         3
 Frozen Ramparts          Ice            10%        1d3       17%         3
 Vampiric Draining        Necr           5%         2d6       17%         3


Dungeon Overview and Level Annotations

Branches:
Dungeon (8/15)             Temple (0/1) D:5
   Lair: D:8-11

Altars:
Elyvilon
Gozag
Hepliaklqana
Qazlal
Trog
Vehumet
Xom
Zin

Shops:
D:1 (   D:4 *

Annotations:
D:6 3 runed translucent doors, Bricks's ghost, novice MiFi; snetch's ghost, novice DjFE
D:8 Grum


Innate Abilities, Weirdness & Mutations

You have a beak for a mouth.
You have claws for feet.
Your magical nature lets you fly swiftly and evasively.


Message History

Grum closely misses you.
A wolf comes into view.
The wolf barely misses you.
There is a stone staircase leading up here.
A kobold comes into view. It is wielding a +0 short sword.
Grum hits you with a +1 spear!
Things that are here:
a +0 robe; a +0 dagger The wolf is struck by an arc of lightning.
You are struck by an arc of lightning.
The wolf is struck by an arc of lightning.
The lightning grounds out.
The kobold shouts!
You hear a shout!
The wolf closely misses you.
The kobold throws a stone.
The stone barely misses you. The wolf misses you. You block Grum's attack.
Grum is struck by an arc of lightning.
You are struck by an arc of lightning.
The lightning grounds out.
The wolf is struck by an arc of lightning!
You are struck by an arc of lightning.
The lightning grounds out.
The wolf misses you. The wolf closely misses you. You block the wolf's attack.
The wolf bites you. Grum completely misses you. The wolf barely misses you. x2
The wolf is struck by an arc of lightning!
You kill the wolf!
Vehumet accepts your kill.
You feel your power returning.
The wolf is struck by an arc of lightning.
You are struck by an arc of lightning.
The lightning grounds out.
The wolf barely misses you. The wolf completely misses you.
Grum sniffs the air and quickly glances around.
Grum hits you with a +1 spear.
* * * LOW HITPOINT WARNING * * *
Your Air Magic skill increases to level 11!
The wolf is struck by an arc of lightning!
You kill the wolf!
Vehumet accepts your kill.
You are struck by an arc of lightning.
* * * LOW HITPOINT WARNING * * *
Grum is struck by an arc of lightning.
The lightning grounds out.
The wolf bites you.
* * * LOW HITPOINT WARNING * * *
You block the wolf's attack. Grum hits you with a +1 spear!
* * * LOW HITPOINT WARNING * * *
Grum glances around and shouts, "Fido!
Here boy!"
You block Grum's attack. The wolf misses you.
There is a stone staircase leading up here.
You see here a wolf corpse.
The wolf completely misses you.
The kobold throws a stone.
The stone hits you but does no damage.
Grum hits you from afar with a +1 spear!!
You die...

.. .. ## .#
### #. .#...
#.#.#.#
#.....#
#.[...#
#.@[..#
#.h...#
#g....#
......K....
#.#.#.#.####
...#. .#.#
### #. .# #
#. .# #. .#


You could see Grum, a wolf and a kobold.

Vanquished Creatures
  Maggie (D:6)
  A wraith (D:5)
  An orc warrior (D:8)
  3 ice beasts
  An ogre (D:4)
  3 wolves (D:8)
  4 centaurs
  2 bullfrogs
  2 wyvern zombies
  A water moccasin skeleton (D:7)
  8 killer bees (D:7)
  A howler monkey (D:5)
  A bullfrog zombie (D:6)
  A centaur zombie (D:7)
  Crazy Yiuf (D:7)
  A bullfrog skeleton (D:7)
  2 hounds
  A jelly (D:7)
  2 centaur skeletons
  3 orc priests
  An iguana (D:6)
  Ijyb (D:5)
  6 orc wizards
  A hound skeleton (D:4)
  11 adders
  A river rat (D:6)
  A shadow imp (D:7)
  An adder skeleton (D:2)
  2 worms (D:6)
  A dart slug (D:1)
  15 orcs
  2 ball pythons
  3 bats
  4 endoplasms
  2 giant cockroaches (D:4)
  5 goblins (D:1)
  6 hobgoblins
  3 jackals (D:3)
  5 quokkas
  3 frilled lizards
  7 kobolds
  7 rats
128 creatures vanquished.

Vanquished Creatures (others)
  A wizard (D:5)
  2 plants
  6 withered plants (D:6)
9 creatures vanquished.

Grand Total: 137 creatures vanquished

Notes
Turn   | Place    | Note
-------+----------+-------------------------------------------
     0 | D:1      | growler the Tengu Air Elementalist began the quest for the
                  | Orb.
     0 | D:1      | Reached XP level 1. HP: 10/10 MP: 4/4
   274 | D:1      | Reached XP level 2. HP: 15/15 MP: 0/6
   299 | D:1      | Learned a level 2 spell: Static Discharge
   833 | D:1      | Found Viucizea's Antique Weapon Shoppe.
  1000 | D:1      | Reached XP level 3. HP: 19/19 MP: 4/7
  1313 | D:1      | Found a faded altar of an unknown god.
  1375 | D:1      | Learned a level 3 spell: Swiftness
  2090 | D:2      | Reached XP level 4. HP: 20/24 MP: 4/9
  2240 | D:3      | Reached skill level 5 in Air Magic
  3259 | D:4      | Found a white marble altar of Elyvilon.
  3288 | D:4      | Gained mutation: Your magical nature lets you fly swiftly
                  | and evasively. [Tengu growth]
  3288 | D:4      | Reached XP level 5. HP: 10/28 MP: 1/10
  3314 | D:4      | Learned a level 4 spell: Airstrike
  3509 | D:4      | Noticed an ogre
  3573 | D:4      | Killed an ogre
  3779 | D:4      | Found Masepluc's Lightly-Used Armoury.
  3831 | D:4      | Found a radiant altar of Vehumet.
  3851 | D:4      | Became a worshipper of Vehumet
  4200 | D:5      | Entered Level 5 of the Dungeon
  4200 | D:5      | Noticed a centaur
  4205 | D:5      | Killed a centaur
  4206 | D:5      | Reached skill level 6 in Air Magic
  4206 | D:5      | Reached XP level 6. HP: 19/32 MP: 7/12
  4319 | D:5      | Noticed Ijyb
  4331 | D:5      | Killed Ijyb
  4332 | D:5      | Reached skill level 5 in Conjurations
  4545 | D:5      | Found a staircase to the Ecumenical Temple.
  4794 | D:5      | Noticed a wraith
  4796 | D:5      | Noticed an ice beast
  4801 | D:5      | Killed a wraith
  4802 | D:5      | Reached XP level 7. HP: 36/36 MP: 1/14
  4902 | D:5      | Reached skill level 7 in Air Magic
  5343 | D:5      | Found a bloodstained altar of Trog.
  5344 | D:5      | Noticed a wizard
  5350 | D:5      | Killed a wizard
  5747 | D:6      | Found a glowing silver altar of Zin.
  6140 | D:6      | Reached skill level 5 in Spellcasting
  6140 | D:6      | Reached XP level 8. HP: 6/41 MP: 0/16
  6266 | D:6      | Found a shimmering altar of Xom.
  6266 | D:6      | Noticed an angel
  6273 | D:6      | Reached skill level 8 in Air Magic
  6671 | D:6      | Identified the +1 robe of the Pits of Slime {rF- rC+ Will+
                  | Str+8}
  7181 | D:6      | Noticed Maggie
  7187 | D:6      | Killed Maggie
  7188 | D:6      | Reached skill level 9 in Air Magic
  7273 | D:6      | Found a runed translucent gate.
  7275 | D:6      | Found a runed translucent gate.
  7277 | D:6      | Found a runed translucent gate.
  7279 | D:6      | Noticed snetch's ghost (novice DjFE)
  7279 | D:6      | Noticed Bricks's ghost (novice MiFi)
  7463 | D:6      | Reached * piety under Vehumet
  7463 | D:6      | Offered knowledge of Sandblast by Vehumet.
  7654 | D:7      | Found a stormy altar of Qazlal.
  7657 | D:7      | Found an opulent altar of Gozag.
  7659 | D:7      | Found a hazy altar of Hepliaklqana.
  7671 | D:7      | Reached skill level 10 in Air Magic
  7734 | D:7      | Reached XP level 9. HP: 36/46 MP: 17/17
  7809 | D:7      | Reached skill level 1 in Fighting
  7809 | D:7      | Reached skill level 1 in Shields
  8608 | D:7      | Found a runed translucent door.
  8609 | D:7      | Noticed Crazy Yiuf
  8825 | D:7      | Killed Crazy Yiuf
  8915 | D:8      | Noticed Grum
  9117 | D:8      | Reached skill level 11 in Air Magic
  9119 | D:8      | Mangled by Grum

Illustrated notes

Levels and vault maps discovered:
D:1:      saegor_arrival_under_anarchy, layout_loops_ring,
          dreamdust_ecumenical_altar_hidden_monk_grotto, serial_shops, shop
D:2:      layout_loops_ring
D:3:      layout_loops_ring
D:4:      layout_gridville, vehumet_crystals, elyvilon_altar_5,
          minmay_shop_damaged
D:5:      layout_layer_cave, trog_wizard, minmay_temple_entry_overgrown,
          kennysheep_generic_room_13, uniq_ijyb
D:6:      layout_loops_corners, grunt_temple_overflow_order_and_chaos_1,
          gammafunk_ghost_cemetery, lightli_sewer_entry_pipes,
          minmay_misc_feat_tiny, uniq_maggie
D:7:      layout_rooms, gammafunk_temple_overflow_forgotten, eino_jars,
          uniq_crazy_yiuf_cottage
D:8:      layout_basic, serial_shops, nicolae_inconvenience_store, uniq_grum

Skill      XL: |  1  2  3  4  5  6  7  8  9 |
---------------+----------------------------+-----
Conjurations   | 2 3 4 5 6 9 |  9.0
Air Magic      | 5 6 7 10 11 | 11.0
Spellcasting   | 3 4 5 |  5.0
Fighting       | 3 |  3.3
Shields        | 3 |  3.3
Dodging        | 4 |  4.4
Stealth        | |  2.0

Action                   |  1- 3 |  4- 6 |  7- 9 || total
-------------------------+-------+-------+-------++-------
Melee: Unarmed           |     7 |    11 |    16 ||    34
       Punch             |     1 |       |       ||     1
       Kick              |     1 |     8 |     7 ||    16
       Peck              |     1 |     2 |     4 ||     7
 Cast: Shock             |    37 |    21 |    14 ||    72
       Static Discharge  |    13 |    29 |    66 ||   108
       Airstrike         |       |     7 |    47 ||    54
Evoke: Wand              |       |       |     1 ||     1
  Use: Scroll            |       |     6 |       ||     6
       Potion            |       |       |     1 ||     1
 Stab: Sleeping          |       |     2 |       ||     2
       Distracted        |       |     1 |       ||     1
Armor: Robe              |     1 |     3 |     8 ||    12
Dodge: Dodged            |     8 |    28 |    73 ||   109
Block: Buckler           |       |       |    16 ||    16
